 Dungeon Crawl Stone Soup version 0.31.0-32-g396128a36d (webtiles) character file.

Game seed: 1203070946844361034

1 leafyfresh the Covert (level 1, -3/23 HPs)
             Began as a Gnoll Delver on Mar 28, 2024.
             Slain by Edmund
             ... wielding a +1 flail of protection
              (12 damage)
             ... on level 4 of the Dungeon.
             The game lasted 00:00:24 (131 turns).

leafyfresh the Covert (Gnoll Delver)                 Turns: 131, Time: 00:00:25

Health: -3/23      AC:  3    Str: 11    XL:     1   Next: 20%
Magic:  1/1        EV: 13    Int:  9    God:
Gold:   0          SH:  0    Dex: 13    Spells: 0/0 levels left

rFire   . . .        a - +0 short sword
rCold   . . .        (no shield)
rNeg    . . .        b - +0 leather armour
rPois   .            (no helmet)
rElec   .            (no cloak)
rCorr   .            (no gloves)
SInv    .            (no boots)
Will    .....        (no amulet)
Stlth   ++++         (no ring)
HPRegen 0.23/turn    (no ring)
MPRegen 0.07/turn

%: no passive effects
@: hasted, very quick
A: fangs 1, strong nose, distributed training
a: no special abilities


You were on level 4 of the Dungeon.
You visited 1 branch of the dungeon, and saw 2 of its levels.

Inventory:

Hand Weapons
 a - a +0 short sword (weapon)
Armour
 b - a +0 leather armour (worn)
Wands
 g - a wand of digging (3)
 h - a wand of roots (7)
Scrolls
 c - a scroll of fog
 d - a scroll of revelation


   Skills:
 + Level 6.4 Fighting
 + Level 4.4 Short Blades
 + Level 0.0 Long Blades
 + Level 0.0 Axes
 + Level 0.0 Maces & Flails
 + Level 0.0 Polearms
 + Level 0.0 Staves
 + Level 0.0 Ranged Weapons
 + Level 0.0 Throwing
 + Level 0.0 Armour
 + Level 4.4 Dodging
 + Level 9.5 Stealth
 + Level 0.0 Shields
 + Level 0.0 Unarmed Combat
 + Level 0.0 Spellcasting
 + Level 0.0 Conjurations
 + Level 0.0 Hexes
 + Level 0.0 Summonings
 + Level 0.0 Necromancy
 + Level 0.0 Translocations
 + Level 0.0 Fire Magic
 + Level 0.0 Ice Magic
 + Level 0.0 Air Magic
 + Level 0.0 Earth Magic
 + Level 0.0 Alchemy
 + Level 0.0 Invocations
 + Level 0.0 Evocations
 + Level 0.0 Shapeshifting


You couldn't memorise any spells.
You didn't know any spells.
Your spell library was empty.

Dungeon Overview and Level Annotations

Branches:
Dungeon (5/15)
 Temple: D:4-7

Altars:

Annotations:
D:4 Edmund


Innate Abilities, Weirdness & Mutations

You have very sharp teeth.
Your uncanny sense of smell can sniff out nearby items.
Your experience applies equally to all skills.


Message History

A black bear is nearby!
A black bear is nearby!
A white imp comes into view.
The white imp shouts!
You see here a +0 scale mail.
As you read the scroll of fear, it crumbles to dust.
You assume a fearsome visage.
The black bear looks frightened!
The white imp gestures at you. The puff of frost hits you!
The white imp gestures at you. The puff of frost hits you.
The white imp gestures at you. The puff of frost hits you.
There is a stone staircase leading up here.
You climb upwards.
Found a robe, a rapier, a short sword and a leather armour.
There is a stone staircase leading down here.
You start resting.
HP restored.
A ball python comes into view.
Found a scroll labelled FUSKEI WOEH.
You see here a +0 robe.
A ball python is nearby!
A ball python is nearby!
A ball python is nearby!
A jelly comes into view.
The helpless ball python fails to defend itself.
You impale the ball python!!
You kill the ball python!
Edmund the Younger comes into view.
He is wielding a +1 flail of protection and wearing a +4 ring mail of willpower.
Found a runed cloak.
Edmund hits you with a +1 flail of protection.
You feel yourself speed up.
Edmund hits you with a +1 flail of protection!
Unknown command.
Edmund attacks as he pursues you!
Edmund hits you with a +1 flail of protection!
Ouch! That really hurt!
You die...
Edmund whines, "They better pay attention to me now!"

....##..[>.....#
#..##..#......#
##..##.?#.......#
###................
###.......##.........
####.........####.###...
#.......†[....###.# ...
#.................. ..
#......@......... .
#.....@.........J.
##................
#................
#...............
##...[..#.......
######.#.#.... ...#...
#..


You could see Edmund.

Vanquished Creatures
  A ball python (D:4)
1 creature vanquished.

Vanquished Creatures (others)
  An ice beast (D:5)
1 creature vanquished.

Grand Total: 2 creatures vanquished

Notes
Turn   | Place    | Note
-------+----------+-------------------------------------------
     0 | D:5      | Reached skill level 9 in Stealth
     0 | D:5      | leafyfresh the Gnoll Delver began the quest for the Orb.
     0 | D:5      | Reached XP level 1. HP: 23/23 MP: 1/1
     7 | D:5      | Killed an ice beast
    35 | D:5      | Noticed a black bear
   123 | D:4      | Noticed a jelly
   126 | D:4      | Noticed Edmund
   131 | D:4      | Slain by Edmund

Illustrated notes

Levels and vault maps discovered:
D:4:      layout_cave_pools, temple_green, uniq_edmund, uniq_duvessa
D:5:      layout_rooms, grunt_temple_overflow_holy_war

Skill      XL: | |
---------------+-+-----
Stealth        | |  9.5
Fighting       | |  6.4
Short Blades   | |  4.4
Dodging        | |  4.4

Action                     || total
---------------------------++-------
  Melee: Short sword       ||     1
    Use: Scroll            ||     1
         Potion            ||     1
   Stab: Sleeping          ||     1
 Armour: Leather armour    ||     6
